 Dungeon Crawl Stone Soup version 0.30.2 (webtiles) character file.

Game seed: 157477370582132675

30380 SacredChao the Severer (level 13, -6/119 HPs)
             Began as a Minotaur Fighter on Jan 6, 2024.
             Was a High Priest of Trog.
             Killed by divine providence
             ... invoked by Saint Roka
              (11 damage)
             ... on level 2 of the Orcish Mines on Jan 19, 2024.
             The game lasted 02:48:58 (13836 turns).

SacredChao the Severer (Minotaur Fighter)          Turns: 13836, Time: 02:48:58

Health: -6/119     AC:  7    Str: 23    XL:     13   Next: 20%
Magic:  12/12      EV:  8    Int:  7    God:    Trog [*****.]
Gold:   1771       SH: 18    Dex: 17    Spells: 12/12 levels left

rFire   . . .        G - +7 broad axe (heavy)
rCold   . . .        S - +0 kite shield
rNeg    . . .        F - +3 plate armour
rPois   .            (helmet restricted)
rElec   .            K - scarf {repulsion}
rCorr   .            (no gloves)
SInv    .            (no boots)
Will    +++..        C - amulet of reflection Stlth
                     k - +6 ring of dexterity
HPRegen 1.39/turn    t - ring of willpower
MPRegen 0.13/turn

%: repel missiles, reflection, clarity
@: mighty, strong-willed, corroded, on berserk cooldown, regenerating, slowed,
studying Armour, very slow
A: horns 2, retaliatory headbutt, hooves 1, clarity
a: Renounce Religion, Berserk, Trog's Hand, Brothers in Arms


You were on level 2 of the Orcish Mines.
You worshipped Trog.
Trog was extremely pleased with you.
You visited 4 branches of the dungeon, and saw 14 of its levels.
You also visited: Bailey.

You collected 1771 gold pieces.

Inventory:

Hand Weapons
 o - a +1 battleaxe of distortion
 v - a +2 heavy hand axe
 z - a +2 war axe of flaming
 G - a +7 heavy broad axe (weapon)
 L - a +5 hand axe of freezing
 R - a +1 battleaxe
 U - a +3 antimagic broad axe
Missiles
 Q - a throwing net (quivered)
Armour
 A - a scarf of shadows
 F - a +3 plate armour (worn)
 K - a scarf of repulsion (worn)
 S - a +0 kite shield (worn)
 V - the +1 scale mail "Yptatusch" {Slay+2}
   (You found it in a bailey)

   Slay:      It affects your accuracy & damage with ranged weapons and melee
   (+2).
Jewellery
 c - a ring of protection from fire
 k - a +6 ring of dexterity (left hand)
 t - a ring of willpower (right hand)
 y - a ring of protection from fire
 C - an amulet of reflection (around neck)
 M - a ring of flight
 O - an amulet of guardian spirit
Wands
 n - a wand of roots (12)
 q - a wand of light (16)
 B - a wand of flame (51)
 T - a wand of mindburst (6)
Scrolls
 a - a scroll of butterflies {unknown}
 b - a scroll of teleportation {unknown}
 e - 4 scrolls of fog
 f - 3 scrolls of noise {unknown}
 g - a scroll of enchant weapon {unknown}
 j - 4 scrolls of enchant armour
 m - 2 scrolls of amnesia {unknown}
 r - 3 scrolls of magic mapping
 s - 3 scrolls of blinking
 w - 2 scrolls of poison {unknown}
 D - a scroll of vulnerability {unknown}
 E - a scroll of silence {unknown}
 I - a scroll of acquirement {unknown}
 N - 3 scrolls of identify
Potions
 d - 3 potions of curing
 h - 5 potions of haste
 i - 2 potions of might
 l - 2 potions of attraction
 p - a potion of magic {unknown}
 u - 2 potions of resistance
 x - a potion of lignification {unknown}
 H - a potion of degeneration {unknown}
 J - 4 potions of cancellation
 P - a potion of brilliance {unknown}


   Skills:
 + Level 12.5 Fighting
 + Level 16.8 Axes
 + Level 0.1 Throwing
 + Level 14.6 Armour
 + Level 3.2 Dodging
 + Level 0.9 Stealth
 + Level 13.0 Shields


You had 12 spell levels left.
You didn't know any spells.
Your spell library contained the following spells:

 Spells                   Type           Power      Damage    Failure   Level
 Freeze                   Ice            0%         1d3       100%        1
 Magic Dart               Conj           0%         1d3       100%        1
 Call Imp                 Summ           0%         N/A       100%        2
 Ensorcelled Hibernation  Hex/Ice        0%         N/A       100%        2
 Passwall                 Tmut/Erth      0%         N/A       100%        2
 Frozen Ramparts          Ice            0%         1d1       100%        3
 Hailstorm                Conj/Ice       0%         3d3       100%        3
 Mephitic Cloud           Conj/Pois/Air  0%         N/A       100%        3
 Swiftness                Air            0%         N/A       100%        3
 Passage of Golubria      Tloc           0%         N/A       100%        4
 Silence                  Hex/Air        0%         N/A       100%        5
 Lehudib's Crystal Spear  Conj/Erth      0%         10d2      100%        8


Dungeon Overview and Level Annotations

Branches:
Dungeon (10/15)            Temple (1/1) D:4            Lair (1/5) D:10
    Orc (2/2) D:9             Elf (0/3) Orc:2        Bailey (visited)

Altars:
Ashenzari
Cheibriados
Dithmenos
Elyvilon
Fedhas
Gozag
Hepliaklqana
Kikubaaqudgha
Makhleb
Nemelex Xobeh
Okawaru
Qazlal
Ru
Sif Muna
Trog
Uskayaw
Vehumet
Wu Jian
Xom
Yredelemnul
Zin
The Shining One

Shops:
D:4 *   D:7 [   D:9 (:(*:   Orc:1 (   Orc:2 :*

Annotations:
Orc:2 Saint Roka


Innate Abilities, Weirdness & Mutations

You have a pair of horns on your head.
You reflexively headbutt those who attack you in melee.
You have large cloven feet.
You possess an exceptional clarity of mind.


Message History

Blink to where?
Press: ? - help, Dir - move target, f - you
Okay, then.
The rust devil barely misses you.
The rust devil attacks as you move away!
You block the rust devil's attack. You block the orc warrior's attack.
The rust devil closely misses you.
The rust devil disappears in a puff of smoke!
The orc sorcerer mumbles some strange words.
You block the orc warrior's attack.
Your skin crawls.
You feel strong-willed. The rust devil closely misses you.
You hit the rust devil but do no damage.
You kick the rust devil, but do no damage.
You block the rust devil's attack. The rust devil hits you.
* * * LOW HITPOINT WARNING * * *
The rust devil corrodes you!
You completely miss the rust devil.
You kick the rust devil, but do no damage.
You headbutt the rust devil.
The rust devil is lightly wounded.
You block the orc warrior's attack. You block the rust devil's attack.
You block the orc warrior's attack. The rust devil barely misses you.
You furiously retaliate!
You headbutt the rust devil!
The orc warrior no longer looks unusually strong.
Saint Roka calls down the wrath of Beogh upon you.
Beogh smites you!
* * * LOW HITPOINT WARNING * * *
You block the rust devil's attack.
You open the rust devil like a pillowcase!!!
You kill the rust devil!
The rust devil disappears in a puff of smoke!
The orc sorcerer no longer looks unusually strong.
Saint Roka invokes the aid of Beogh against you.
Beogh smites you!
* * * LOW HITPOINT WARNING * * *
Saint Roka mumbles some strange prayers to Beogh against you.
Beogh smites you!
You die...

##...##
###.8o83###
###.^...oo)o###
##...##ooo##†.o##
#..###.o.oo###oo#
#.## #8.oo8# ##.#
#.# ##..o## #o#
#.# #4oo# #§# #.#
+.oo' #@# #.#
#o..#. #.# #.#
#.8o### #.# #.#
#..o# #.# ### #.#
'o..' #.# ###
###.## #.# .#oo.#
#.###.## ##....#
#.##
##.##...###....##
#..#
#..###..##.#...#
##.## ##.##
#........##


You could see Saint Roka, an orc sorcerer and 2 orc warriors.

Vanquished Creatures
  2 orc warlords
  The ghost of rundlesten the Stinger, a journeyman OpHW of Gozag (D:10)
  4 two-headed ogres
  4 orc high priests
  The ghost of turdburglar the Covert, a novice KoEn of Gozag (D:8)
  A glowing orange brain (D:10)
  Pikel (D:6)
  2 orc sorcerers (Orc:2)
  An orc knight (Orc:1)
  5 ugly things (D:10)
  A deep elf pyromancer (D:8)
  A salamander (shapeshifter) (D:10)
  Joseph (D:7)
  A troll (shapeshifter) (D:10)
  A wind drake (shapeshifter) (D:10)
  A troll (Orc:1)
  Sigmund (D:2)
  A shadow (D:10)
  A vampire (D:9)
  2 wraiths
  A wyvern (D:8)
  14 yaks
  2 humans (D:10)
  5 steam dragons
  2 neqoxecs (D:10)
  12 wargs
  Duvessa (D:7)
  A water moccasin (D:5)
  2 acid dragons (D:10)
  5 sky beasts
  44 orc warriors
  4 black bears
  2 ice beasts
  7 ogres
  3 wolves (Orc:1)
  2 centaurs
  4 lemures (D:6)
  3 phantoms
  6 kobold brigands
  3 bullfrogs
  4 gnoll sergeants
  2 scorpions
  21 wights
  Dowan (D:7)
  16 killer bees
  5 hounds
  3 jellies
  14 orc priests
  A jelly (shapeshifter) (D:10)
  Natasha (thrice) (D:2)
  3 iguanas
  33 orc wizards
  Terence (D:2)
  7 adders
  27 gnolls
  2 shadow imps (D:7)
  2 ufetubi
  2 worms (D:5)
  2 dart slugs
  93 orcs
  4 bats
  6 endoplasms
  7 giant cockroaches
  5 goblins
  4 hobgoblins
  11 jackals
  23 kobolds
  3 ball pythons
  2 frilled lizards (D:3)
  6 rats
469 creatures vanquished.

Notes
Turn   | Place    | Note
-------+----------+-------------------------------------------
     0 | D:1      | SacredChao the Minotaur Fighter began the quest for the
                  | Orb.
     0 | D:1      | Reached XP level 1. HP: 19/19 MP: 0/0
   245 | D:1      | Reached XP level 2. HP: 27/27 MP: 1/1
   352 | D:2      | Upgraded the game from 0.30.1-11-g7821555f0a to 0.30.2
   502 | D:2      | Reached XP level 3. HP: 33/33 MP: 2/2
   503 | D:2      | Noticed Sigmund
   522 | D:2      | Killed Sigmund
   523 | D:2      | Reached skill level 3 in Axes
   523 | D:2      | Reached skill level 5 in Armour
   523 | D:2      | Reached XP level 4. HP: 3/41 MP: 3/3
   523 | D:2      | Reached XP level 5. HP: 3/47 MP: 4/4
   788 | D:2      | Noticed Terence
   800 | D:2      | Killed Terence
   801 | D:2      | Reached skill level 4 in Axes
   833 | D:2      | Reached skill level 5 in Shields
   998 | D:2      | Found a faded altar of an unknown god.
   998 | D:2      | Noticed Natasha
  1004 | D:2      | Killed Natasha
  1060 | D:2      | Reached XP level 6. HP: 55/55 MP: 5/5
  1088 | D:2      | Noticed Natasha
  1094 | D:2      | Killed Natasha
  1187 | D:2      | Noticed Natasha
  1193 | D:2      | Killed Natasha
  1194 | D:2      | Reached skill level 1 in Dodging
  1527 | D:3      | Reached skill level 5 in Axes
  1972 | D:4      | Reached skill level 5 in Fighting
  2085 | D:4      | Reached XP level 7. HP: 56/61 MP: 6/6
  2251 | D:4      | Found a staircase to the Ecumenical Temple.
  2312 | D:4      | Reached skill level 6 in Axes
  2445 | D:4      | Found Villan's Assorted Antiques.
  2565 | D:4      | Found a radiant altar of Vehumet.
  2801 | Temple   | Entered the Ecumenical Temple
  2824 | Temple   | Became a worshipper of Trog the Wrathful
  2905 | D:5      | Entered Level 5 of the Dungeon
  3095 | D:5      | Reached skill level 7 in Axes
  3485 | D:5      | Found a broken altar of Ashenzari.
  3492 | D:5      | Reached XP level 8. HP: 69/69 MP: 7/7
  4004 | D:5      | Reached skill level 8 in Axes
  4188 | D:5      | Reached * piety under Trog
  4400 | D:6      | Found a shimmering altar of Xom.
  4507 | D:6      | Reached skill level 9 in Axes
  4538 | D:6      | Noticed Pikel
  4549 | D:6      | Killed Pikel
  4550 | D:6      | Reached XP level 9. HP: 40/78 MP: 8/8
  5196 | D:7      | Reached skill level 10 in Axes
  5251 | D:7      | Reached ** piety under Trog
  5401 | D:7      | Reached skill level 11 in Axes
  5528 | D:7      | Found Zetel's Antique Armour Emporium.
  5699 | D:7      | Noticed Joseph
  5717 | D:7      | Killed Joseph
  5844 | D:7      | Noticed Dowan
  5844 | D:7      | Noticed Duvessa
  5862 | D:7      | Killed Dowan
  5879 | D:7      | Killed Duvessa
  6054 | D:7      | Reached XP level 10. HP: 85/88 MP: 9/9
  6417 | D:8      | Noticed a deep elf pyromancer
  6421 | D:8      | Noticed turdburglar's ghost (novice KoEn)
  6421 | D:8      | Noticed a two-headed ogre
  6466 | D:8      | Found a burning altar of Makhleb.
  6506 | D:8      | Found a sparkling altar of Nemelex Xobeh.
  6754 | D:8      | Reached *** piety under Trog
  6911 | D:8      | Found a transporter.
  6914 | D:8      | Found a transporter.
  7215 | D:8      | Reached skill level 10 in Armour
  7228 | D:8      | Reached skill level 12 in Axes
  7263 | D:8      | Identified the +2 arbalest of the Toadstool {flame, Will+
                  | MP-9 Int-4 Dex+4}
  7428 | D:8      | Found a sacrificial altar of Ru.
  7476 | D:8      | Killed a two-headed ogre
  7476 | D:8      | Killed a deep elf pyromancer
  7483 | D:8      | Killed turdburglar's ghost
  7605 | D:9      | Reached skill level 13 in Axes
  7612 | D:8      | Reached XP level 11. HP: 29/95 MP: 10/10
  8855 | D:9      | Reached **** piety under Trog
  8864 | D:9      | Found Wubodaki's Book Boutique.
  8874 | D:9      | Found Mothuf's Assorted Antiques.
  8900 | D:9      | Found a staircase to the Orcish Mines.
  9109 | D:9      | Found a white marble altar of Elyvilon.
  9175 | D:9      | Found Veus's Antique Weapon Shop.
  9214 | D:9      | Found Tepemefre's Book Shoppe.
  9214 | D:9      | Noticed a walking frostbound tome
  9214 | D:9      | Noticed a walking earthen tome
  9239 | D:9      | Reached skill level 10 in Shields
  9438 | D:9      | Found Xiaf's Weapon Shop.
  9552 | D:10     | Entered Level 10 of the Dungeon
  9568 | D:10     | Found an iron altar of Okawaru.
  9682 | D:10     | Found a flagged portal.
  9834 | D:10     | Found a staircase to the Lair.
  9841 | D:10     | Reached ***** piety under Trog
 10001 | D:10     | Found a runed translucent gate.
 10001 | D:10     | Found a runed translucent gate.
 10001 | D:10     | Found a runed translucent gate.
 10001 | D:10     | Noticed a green ugly thing
 10001 | D:10     | Noticed a green ugly thing
 10002 | D:10     | Noticed a green ugly thing
 10002 | D:10     | Noticed a cyan ugly thing
 10002 | D:10     | Noticed a cyan ugly thing
 10003 | D:10     | Noticed a glowing orange brain
 10010 | D:10     | Noticed a two-headed ogre
 10017 | D:10     | Killed a two-headed ogre
 10018 | D:10     | Reached skill level 10 in Fighting
 10037 | D:10     | Reached skill level 14 in Axes
 10091 | Bailey   | Entered a bailey
 10135 | Bailey   | Received a gift from Trog
 10206 | Bailey   | Identified the +1 scale mail "Yptatusch" {Slay+2}
 10222 | Bailey   | Found a burning altar of Makhleb.
 10231 | Bailey   | Identified the +0 great mace "Buurph" {pain, rC+ Stlth+}
 10704 | D:10     | Killed a red ugly thing
 10705 | D:10     | Killed a glowing orange brain
 10705 | D:10     | HP: 1/101 [purple ugly thing (10)]
 10706 | D:10     | Killed a red ugly thing
 10707 | D:10     | Reached XP level 12. HP: 1/107 MP: 3/11
 10989 | D:10     | Found a runed translucent gate.
 10989 | D:10     | Found a runed translucent gate.
 10992 | D:10     | Found a runed translucent gate.
 10992 | D:10     | Noticed an entropy weaver
 10999 | D:10     | an entropy weaver changed into a raiju
 11000 | D:10     | Noticed rundlesten's ghost (journeyman OpHW)
 11039 | D:10     | Gained mutation: Your body sometimes deteriorates upon
                  | taking damage. [mutagenic glow]
 11041 | D:10     | Killed rundlesten's ghost
 11042 | D:10     | Reached skill level 15 in Axes
 11051 | D:10     | Gained mutation: You are clumsy. (Dex -2) [mutagenic glow]
 11063 | D:10     | Gained mutation: You are weak. (Str -2) [mutagenic glow]
 11073 | D:10     | Gained mutation: You are very clumsy. (Dex -4) [mutagenic
                  | glow]
 11243 | D:10     | Lost mutation: You are weak. (Str -2) [potion of mutation]
 11243 | D:10     | Lost mutation: You are very clumsy. (Dex -4) [potion of
                  | mutation]
 11243 | D:10     | Gained mutation: You sometimes lose your temper in combat.
                  | [potion of mutation]
 11243 | D:10     | Gained mutation: Your muscles are strong. (Str +4, Int/Dex
                  | -1) [potion of mutation]
 11244 | D:10     | Lost mutation: You sometimes lose your temper in combat.
                  | [potion of mutation]
 11244 | D:10     | Lost mutation: You are clumsy. (Dex -2) [potion of
                  | mutation]
 11244 | D:10     | Lost mutation: Your body sometimes deteriorates upon taking
                  | damage. [potion of mutation]
 11244 | D:10     | Gained mutation: You occasionally lose the ability to drink
                  | potions when taking damage. [potion of mutation]
 11244 | D:10     | Gained mutation: You have very sharp teeth. [potion of
                  | mutation]
 11245 | D:10     | Lost mutation: Your muscles are strong. (Str +4, Int/Dex
                  | -1) [potion of mutation]
 11245 | D:10     | Lost mutation: You occasionally lose the ability to drink
                  | potions when taking damage. [potion of mutation]
 11245 | D:10     | Lost mutation: You have very sharp teeth. [potion of
                  | mutation]
 11245 | D:10     | Gained mutation: You possess an exceptional clarity of
                  | mind. [potion of mutation]
 11245 | D:10     | Gained mutation: You have large cloven feet. [potion of
                  | mutation]
 11254 | Lair:1   | Entered Level 1 of the Lair of Beasts
 11359 | Orc:1    | Entered Level 1 of the Orcish Mines
 11359 | Orc:1    | Noticed a two-headed ogre
 11359 | Orc:1    | Noticed an orc high priest
 11387 | D:9      | Killed a two-headed ogre
 11497 | Orc:1    | Killed an orc high priest
 11546 | Orc:1    | Noticed a two-headed ogre
 11558 | Orc:1    | Killed a two-headed ogre
 11648 | Orc:1    | Noticed an orc high priest
 11664 | Orc:1    | Received a gift from Trog
 11665 | Orc:1    | Killed an orc high priest
 11966 | Orc:1    | Reached skill level 16 in Axes
 11999 | Orc:1    | Found Qemm's Antique Weapon Emporium.
 12038 | Orc:1    | Noticed an orc warlord
 12061 | Orc:1    | Killed an orc warlord
 12567 | Orc:2    | Entered Level 2 of the Orcish Mines
 12567 | Orc:2    | Noticed an orc warlord
 12594 | Orc:2    | Killed an orc warlord
 12747 | Orc:2    | Found a staircase to the Elven Halls.
 12820 | Orc:2    | Found Dakkuth's Book Emporium.
 12820 | Orc:2    | Noticed an orc high priest
 12831 | Orc:2    | Reached XP level 13. HP: 95/118 MP: 4/12
 13377 | Orc:2    | Found Egity's Assorted Antiques.
 13694 | Orc:2    | Received a gift from Trog
 13805 | Orc:2    | Noticed Saint Roka
 13820 | Orc:2    | HP: 6/178 [orc warrior/+0 glaive (9)]
 13836 | Orc:2    | HP: 5/119 [Saint Roka/divine providence (15)]
 13836 | Orc:2    | Killed from afar by Saint Roka

Illustrated notes

Levels and vault maps discovered:
D:1:      scummos_arrival_simple_crosswalls, layout_loops_corners
D:2:      layout_loops_ring, dreamdust_ecumenical_altar_grove,
          minmay_pentomino_o2, uniq_terence, uniq_sigmund, uniq_natasha
D:3:      layout_loops_cross
D:4:      layout_basic, nicolae_vehumet_altar_sigil,
          minmay_temple_entry_crystal_x, serial_shops, shop
D:5:      layout_basic, mainiacjoe_overflow_boulevard
D:6:      layout_gridville, lemuel_doored_altar, kennysheep_small_spiral,
          uniq_pikel
D:7:      layout_loops_ring, serial_shops, shop_fountains,
          minmay_manual_monstrance, uniq_joseph, uniq_duvessa
D:8:      layout_gridville, general_overflow_altar,
          mainiacjoe_overflow_surrounded_room, nicolae_ru_path_of_blood,
          gammafunk_ghost_arena, grunt_decor_one_mirror, hangedman_misty_isle
D:9:      layout_cave_pools, elyvilon_altar_1, david_orc_2, serial_shops,
          nicolae_take_the_stairs, kennysheep_mini, nicolae_shop_mannequins,
          nicolae_book_shop_shelving, shop, nzn_life_drinkers
D:10:     layout_gridville, okawaru_humans, erik_lair_orcish_takeover,
          enter_bailey_8, ploomutoo_gammafunk_ghost_potion_laboratory
Temple:   jpeg_temple_clearing
Lair:1:   layout_loops_ring, special_room [special_room_bee],
          chequers_serial_rivers_micro_c, tgw_fedhas, infiniplex_staircase_pool
Orc:1:    layout_caves, serial_shops, shop, mines5_lemuel
Orc:2:    grunt_orc_community_town_hall, layout_diamond_mine,
          grunt_orc_community_big_house_1, grunt_orc_community_big_house_2,
          grunt_orc_community_house_2, grunt_orc_community_house_2,
          grunt_orc_community_house_3, grunt_orc_community_house_1

Skill      XL: |  1  2  3  4  5  6  7  8  9 10 11 12 13 |
---------------+----------------------------------------+-----
Armour         | 4 5 6 8 9 12 13 14 | 14.6
Shields        | 4 5 6 7 9 11 12 13 | 13.0
Fighting       | 4 5 6 8 10 12 | 12.5
Axes           | 3 4 5 7 9 11 13 14 16 | 16.8
Dodging        | 1 2 3 |  3.2
Throwing       | |  0.1
Stealth        | |  0.9

Action                     |  1- 3 |  4- 6 |  7- 9 | 10-12 | 13-15 || total
---------------------------+-------+-------+-------+-------+-------++-------
  Melee: War axe           |    45 |    95 |   150 |       |       ||   290
         Headbutt          |     6 |    11 |    51 |   114 |    16 ||   198
         Hand axe          |       |       |   117 |   288 |       ||   405
         Broad axe         |       |       |       |   247 |    92 ||   339
         Kick              |       |       |       |    66 |    27 ||    93
  Throw: Throwing net      |       |       |       |     1 |       ||     1
 Invoke: Berserk           |       |       |       |     2 |     1 ||     3
         Trog's Hand       |       |       |       |       |     2 ||     2
    Use: Potion            |     1 |       |       |     5 |     1 ||     7
         Scroll            |       |       |     7 |       |       ||     7
 Armour: Scale mail        |    19 |    35 |       |       |       ||    54
         Chain mail        |       |       |    52 |       |       ||    52
         Plate armour      |       |       |    51 |   206 |    28 ||   285
  Dodge: Dodged            |    19 |    42 |    76 |   150 |    16 ||   303
  Block: Buckler           |     5 |    22 |    98 |   129 |       ||   254
         Reflection        |       |       |     1 |    17 |     1 ||    19
         Kite shield       |       |       |       |   406 |    78 ||   484
